 Dungeon Crawl Stone Soup version 0.17.1-3-g152610e (webtiles) character file.

10 jacquesderrida the Caller (level 2, 16/19 HPs)
             Began as a Demonspawn Summoner on Apr 27, 2016.
             Quit the game on level 2 of the Dungeon.
             The game lasted 00:01:02 (223 turns).

jacquesderrida the Caller (Demonspawn Summoner)      Turns: 223, Time: 00:01:02

Health: 16/19      AC:  2    Str:  8    XL:     2   Next: 10%
Magic:  0/5        EV: 12    Int: 16    God:
Gold:   28         SH:  0    Dex: 13    Spells: 1 memorised, 4 levels left

rFire  . . .     SeeInvis .     e - +0 spear
rCold  . . .     Clarity  .     a - +0 robe
rNeg   . . .     SustAt   .     (no shield)
rPois  .         Gourm    .     (no helmet)
rElec  .         Spirit   .     (no cloak)
rCorr  .         Warding  .     (no gloves)
rMut   .         Stasis   .     (no boots)
MR     .....                    (no amulet)
Stlth  +++.......               (no ring)
                                (no ring)

@: not resistant to hostile enchantments, fairly stealthy
A: nightstalker 1
a: no special abilities


You were on level 2 of the Dungeon.
You were not hungry.

You visited 1 branch of the dungeon, and saw 2 of its levels.

You collected 28 gold pieces.

Inventory:

Hand Weapons
 e - a +0 spear (weapon)
Armour
 a - a +0 robe (worn)
Scrolls
 f - a scroll of fog {unknown}
 g - a scroll of identify {unknown}
Potions
 d - a potion of curing {unknown}
Books
 b - a book of Callings

   Spells                             Type                      Level
   a - Summon Small Mammal            Summoning                    1
   b - Call Imp                       Summoning                    2
   c - Call Canine Familiar           Summoning                    3
   d - Summon Guardian Golem          Hexes/Summoning              3
   e - Summon Lightning Spire         Summoning/Air                4
   f - Summon Ice Beast               Ice/Summoning                4
Comestibles
 c - a bread ration


   Skills:
 - Level 1.7 Dodging
 - Level 1.7 Stealth
 - Level 2.0 Spellcasting
 + Level 4.5 Summonings


You had 4 spell levels left.
You knew the following spells:

 Your Spells              Type           Power        Failure   Level  Hunger
a - Summon Small Mammal   Summ           ###.         3%          1    #......


Dungeon Overview and Level Annotations

Branches:
Dungeon (2/15)

Altars:


Innate Abilities, Weirdness & Mutations

You are slightly more attuned to the shadows.


Message History

The adder completely misses your quokka.
Your quokka misses the adder. The adder closely misses your quokka.
The adder closely misses your quokka.
Your quokka closely misses the adder.
The adder barely misses your quokka.
Your quokka misses the adder. The adder barely misses your quokka.
Your quokka misses the adder.
Casting: Summon Small Mammal
Confirm with . or Enter, or press ? or * to list all spells.
The adder bites your quokka.
Your quokka barely misses the adder.
The adder barely misses your quokka.
Your quokka barely misses the adder.
The adder barely misses your quokka.
Your quokka barely misses the adder.
The adder barely misses your quokka.
Your quokka barely misses the adder.
The adder bites your quokka.
Your quokka dies!
Your quokka's corpse disappears in a puff of smoke!
Your quokka bites the adder.
The adder dies!
You have reached level 2!
Your demonic ancestry asserts itself...
You slip into the darkness of the dungeon.
Are you sure you want to abandon this character and quit the game? (Confirm with "yes".)

.... ..##........ ......
...........# ......
..........# .
.....(####.#........ ..
.......... #%.....# #..?
.........# #......#.....
.........###.#..........
............r...@.#
.........###............
.............^##..#.....
.............$..........
####.#...............#.#
...#.#...............# #
...#.#######......#....
.....#... ##......#....
.....#.##.####.


You could see a friendly quokka.

Vanquished Creatures
  A ball python (D:1)
  A bat (D:1)
  A hobgoblin (D:1)
3 creatures vanquished.

Vanquished Creatures (collateral kills)
  An adder (D:2)
  A giant cockroach (D:1)
  A giant newt (D:1)
3 creatures vanquished.

Grand Total: 6 creatures vanquished

Notes
Turn   | Place    | Note
--------------------------------------------------------------
     0 | D:1      | jacquesderrida the Demonspawn Summoner began the quest for the Orb.
     0 | D:1      | Reached XP level 1. HP: 13/13 MP: 3/3
   222 | D:2      | Gained mutation: You are slightly more attuned to the shadows. [demonic ancestry]
   222 | D:2      | Reached XP level 2. HP: 16/19 MP: 0/5
   223 | D:2      | Quit the game

Action                   || total
-------------------------++-------
Melee: Spear             ||     8
 Cast: Summon Small Mamm ||    13
